 Dungeon Crawl Stone Soup version 0.14.1-26-g5a19342 (webtiles) character file.

338 Kae the Firebug (level 5, -2/28 HPs)
             Began as a Tengu Fire Elementalist on July 27, 2014.
             Slain by an orc
             ... wielding a +0,+0 flail
              (7 damage)
             ... while paralysed by a potion of paralysis
             ... on Level 4 of the Dungeon.
             The game lasted 00:05:22 (3778 turns).

Kae the Firebug (Tengu Fire Elementalist)           Turns: 3778, Time: 00:05:22

HP  -2/28        AC  3     Str  8      XL: 5   Next: 42%
MP   8/12        EV  2     Int 16      God:
Gold 177         SH  0     Dex 15      Spells:  3 memorised,  3 levels left

rFire  . . .     SeeInvis .     a - +2 trident
rCold  . . .     Clarity  .     k - +0 robe
rNeg   . . .     Conserve .     (no shield)
rPois  .         rCorr    .     (helmet restricted)
rElec  .         rRot     .     q - +0 cloak (curse)
SustAb . .       Spirit   .     (no gloves)
rMut   .         Warding  .     (boots unavailable)
Saprov . . .     Stasis   .     (no amulet)
MR     .....                    (no ring)
                                (no ring)

@: paralysed, confused, very slightly contaminated, hasted, not resistant to
hostile enchantments, very unstealthy
A: able to fly, beak, talons 3
a: Fly


You were on level 4 of the Dungeon.
You were not hungry.

You visited 2 branches of the dungeon, and saw 5 of its levels.

You collected 177 gold pieces.

Inventory:

Hand weapons
 a - a +2,+2 trident (weapon)
 b - a +0,+0 spear
Missiles
 n - 2 tomahawks (quivered)
Armour
 k - a +0 robe (worn)
 q - a cursed +0 cloak (worn)
Magical devices
 p - a wand of slowing (3)
Comestibles
 c - 2 bread rations
 f - 2 pears
 r - 11 sultanas
 v - a chunk of goblin flesh
Scrolls
 d - a scroll of enchant weapon II {unknown}
 e - a scroll of fear {unknown}
 g - 5 scrolls of remove curse {unknown}
 i - a scroll of immolation {unknown}
 j - 3 scrolls of identify {unknown}
 l - a scroll of blinking {unknown}
 t - a scroll of random uselessness {unknown}
Potions
 m - a potion of haste
 u - a potion of flight {unknown}
Books
 o - a book of Flames

   Spells                             Type                      Level
   *Flame Tongue                      Conjuration/Fire             1
   *Throw Flame                       Conjuration/Fire             2
   *Conjure Flame                     Conjuration/Fire             3
   Inner Flame                        Hexes/Fire                   3
   Sticky Flame                       Conjuration/Fire             4
   Fireball                           Conjuration/Fire             5
 w - a book of Necromancy

   Spells                             Type                      Level
   Pain                               Necromancy                   1
   Animate Skeleton                   Necromancy                   1
   Lethal Infusion                    Charms/Necromancy            2
   Vampiric Draining                  Necromancy                   3
   Regeneration                       Charms/Necromancy            3
   Animate Dead                       Necromancy                   4
   Control Undead                     Necromancy                   4


   Skills:
 - Level 2.1 Dodging
 - Level 2.0 Stealth
 + Level 2.9 Spellcasting
 * Level 4.0 Conjurations
 * Level 4.9 Fire Magic


You had 3 spell levels left.
You knew the following spells:

 Your Spells              Type           Power        Failure   Level  Hunger
a - Flame Tongue          Conj/Fire      ###..        3%          1    #......
b - Throw Flame           Conj/Fire      ###...       6%          2    ##.....
c - Conjure Flame         Conj/Fire      ###.....     12%         3    ###....


Dungeon Overview and Level Annotations

Branches:
Dungeon (4/15)             Temple (1/1) D:4

Altars:
Ashenzari
Fedhas
Makhleb
Okawaru
Sif Muna
Xom
Yredelemnul
Zin
The Shining One


Innate Abilities, Weirdness & Mutations

You can fly.
You have a beak for a mouth.
You have claws for feet.


Message History

Drink which item? (? for menu, Esc to quit)
You are confused.
It was a potion of confusion.
The orc hits you but does no damage.
The orc priest prays to Beogh.
You feel troubled. The orc barely misses you.
Drink which item? (? for menu, Esc to quit)
You feel yourself speed up.
It was a potion of haste.
You are very lightly contaminated with residual magic.
Drink which item? (? for menu, Esc to quit)
You suddenly lose the ability to move!
It was a potion of paralysis.
The orc hits you but does no damage. x2
The orc priest picks up a dagger.
The orc priest wields a dagger.
The orc hits you with a flail.
* * * LOW HITPOINT WARNING * * *
The orc hits you with a flail.
* * * LOW HITPOINT WARNING * * *
The orc priest hits you but does no damage.
The orc hits you but does no damage. The orc hits you with a flail!
You die...

................#
.................#
#########.######.###
####....####...#
#####........%.....#
......###.....###..#
.....#≈≈≈≈≈≈≈≈≈#..#
#..#≈#.....#≈#..#
#@o.≈.......≈..##
##########oo.≈.......≈..#
.......o.....≈...>...≈..#
.....o.......≈.......≈..#
.........#..≈.......≈..#
#######..#.#≈#.....#≈#.#
#..#.#≈≈≈≈≈≈≈≈≈#.#
.....###.....### #####..
.......


You could see an orc priest and 2 orcs.

Vanquished Creatures
  Crazy Yiuf (D:2)
  A big fish (D:4)
  Ijyb (D:2)
  2 adders (D:3)
  A worm (D:2)
  A giant gecko (D:4)
  8 orcs
  3 ball pythons
  6 giant cockroaches (D:1)
  6 hobgoblins
  2 kobolds
  A quokka (D:4)
  6 bats
  2 giant newts
  6 goblins
  6 rats (D:1)
53 creatures vanquished.

Vanquished Creatures (others)
  An iguana (D:3)
1 creature vanquished.

Grand Total: 54 creatures vanquished

Notes
Turn   | Place    | Note
--------------------------------------------------------------
     0 | D:1      | Kae, the Tengu Fire Elementalist, began the quest for the Orb.
     0 | D:1      | Reached XP level 1. HP: 10/10 MP: 3/3
   188 | D:1      | Reached XP level 2. HP: 4/15 MP: 1/5
  1348 | D:2      | Reached XP level 3. HP: 16/19 MP: 0/7
  1381 | D:2      | Noticed Ijyb
  1784 | D:2      | Reached skill level 4 in Fire Magic
  2005 | D:2      | Killed Ijyb
  2231 | D:2      | Noticed Crazy Yiuf
  2236 | D:2      | Learned a level 2 spell: Throw Flame
  2240 | D:2      | Learned a level 3 spell: Conjure Flame
  2255 | D:2      | Killed Crazy Yiuf
  2255 | D:2      | Reached XP level 4. HP: 24/24 MP: 0/9
  3006 | D:3      | Found a glowing golden altar of the Shining One.
  3007 | D:3      | Noticed an angel
  3015 | D:3      | Found a basalt altar of Yredelemnul.
  3016 | D:3      | Noticed a profane servitor
  3190 | D:3      | Reached XP level 5. HP: 25/28 MP: 11/11
  3640 | D:4      | Found a staircase to the Ecumenical Temple.
  3662 | Temple   | Entered the Ecumenical Temple
  3775 | D:4      | Paralysed by a potion of paralysis for 7 turns
  3778 | D:4      | Slain by an orc

Action                   |  1- 3 |  4- 6 || total
-------------------------+-------+-------++-------
Melee: Unarmed           |    59 |       ||    59
       Trident           |    11 |    34 ||    45
 Cast: Flame Tongue      |    46 |    20 ||    66
       Conjure Flame     |     2 |       ||     2
       Throw Flame       |       |     1 ||     1
  Use: Potion            |       |     3 ||     3
 Stab: Sleeping          |     2 |     2 ||     4
